 Dungeon Crawl Stone Soup version 0.22.0-6-g71bd7aa (console) character file.

5072 nht the Cleaver (level 10, -2/115 HPs)
             Began as a Demonspawn Berserker on Aug 14, 2018.
             Was a High Priest of Trog.
             Slain by a shadow (3 damage)
             ... on level 10 of the Dungeon.
             The game lasted 00:13:38 (10040 turns).

nht the Cleaver (Demonspawn Berserker)             Turns: 10040, Time: 00:13:39

Health: -2/115     AC: 25    Str: 26    XL:     10   Next: 31%
Magic:  10/10      EV:  2    Int: 12    God:    Trog [*****.]
Gold:   476        SH:  0    Dex: 13    Spells: 9/9 levels left

rFire    + . .     SeeInvis .   w - +2 quarterstaff {speed, rF+ rN+ Int+4} (curse)
rCold    . . .     Gourm    .   (shield currently unavailable)
rNeg     + + +     Faith    .   (armour currently unavailable)
rPois    +         Spirit   .   (helmet currently unavailable)
rElec    .         Reflect  .   (cloak currently unavailable)
rCorr    .         Harm     .   (gloves currently unavailable)
MR       +....     NoTele   +   (boots currently unavailable)
Stlth    +.........             (no amulet)
HPRegen  0.29/turn              t - ring of positive energy
MPRegen  0.12/turn              F - ring of protection from magic

@: mighty, tree-form
A: powered by pain 2, rot immunity
a: Berserk, Trog's Hand, Brothers in Arms, Renounce Religion


You were on level 10 of the Dungeon.
You worshipped Trog.
Trog was extremely pleased with you.
You were near starving.
You were a tree.
You visited 1 branch of the dungeon, and saw 10 of its levels.

You collected 500 gold pieces.
You spent 24 gold pieces at shops.

Inventory:

Hand Weapons
 l - a +1 war axe
 w - the cursed +2 quarterstaff "Caotergh" (weapon) {speed, rF+ rN+ Int+4}
   (You found it on level 5 of the Dungeon)

   Attacks with this weapon are significantly faster.
   It affects your intelligence (+4).
   It protects you from fire.
   It protects you from negative energy.
   It has a curse placed upon it.
 y - a +0 battleaxe
Missiles
 a - 11 tomahawks
 n - 66 poisoned needles
 o - 8 javelins (quivered)
 p - 7 poisoned tomahawks
Armour
 b - the +2 ring mail of the Kraken (melded) {MR++ Int+5 Stlth+}
   (You found it on level 4 of the Dungeon)

   It affects your intelligence (+5).
   It affects your resistance to hostile enchantments.
   It makes you more stealthy.
 C - a +0 plate armour
Jewellery
 t - a ring of positive energy (left branch)
 F - a ring of protection from magic (right branch)
Wands
 g - a wand of flame (21)
 B - a wand of digging (13)
 D - a wand of paralysis (17)
 G - a wand of iceblast (6)
Scrolls
 d - a scroll of enchant weapon
 f - a scroll of teleportation
 h - 2 scrolls of magic mapping
 i - 4 scrolls of enchant armour
 k - a scroll of fear
 r - 2 scrolls of remove curse
 z - 2 scrolls of identify
Potions
 j - 4 potions of degeneration
 m - 4 potions of curing
 q - 2 potions of brilliance
 s - a potion of invisibility
 u - a potion of haste
 v - a potion of flight
 x - a potion of might
 A - 2 potions of agility {unknown}
 E - 3 potions of heal wounds
 H - a potion of mutation {unknown}
Comestibles
 c - 19 rations


   Skills:
 + Level 6.8 Fighting
 * Level 11.7 Axes
 + Level 5.8 Armour
 - Level 1.7 Dodging


You had 9 spell levels left.
You didn't know any spells.
Your spell library was empty.

Dungeon Overview and Level Annotations

Branches:
Dungeon (10/15)            Temple (0/1) D:4
   Lair: D:8-11         Orc: D:9-12

Altars:
Ashenzari
Dithmenos
Gozag
Hepliaklqana
Makhleb
Ru
Sif Muna
Trog
Uskayaw
Xom
Yredelemnul
Zin
The Shining One

Shops:
D:5 ([}%   D:6 *


Innate Abilities, Weirdness & Mutations

((You have large cloven feet.))
You sometimes gain power by taking damage.
You are immune to rotting.
((Your movements are less encumbered by armour. (ER -4)))


Message History

The hippogriff bites you.
* * * LOW HITPOINT WARNING * * *
The hippogriff pecks you but does no damage.
The hippogriff barely misses you.
The shadow strikes at you from the darkness!
* * * LOW HITPOINT WARNING * * *
You focus on the pain.
You feel very mighty all of a sudden.
Reactivating autopickup.
The leopard gecko bites you but does no damage.
You hit the centaur.
The centaur is heavily wounded.
The centaur hits you.
* * * LOW HITPOINT WARNING * * *
The hippogriff bites you!
* * * LOW HITPOINT WARNING * * *
The hippogriff pecks you but does no damage.
The hippogriff claws you but does no damage.
The shadow hits you.
You die...

█..<....
██......█
.......█
█......█
█......█
█......█
█..Hcl.█
█..W♣.?█
█..(>..██
█.......█
..........██.█
█████████+██.█
█#█ █<█ █#█
█.█


You could see a hippogriff, a shadow, a centaur and a leopard gecko.

Vanquished Creatures
  A kobold demonologist (D:8)
  The ghost of kirsanium the Skirmisher, an amateur DsFi (D:3)
  A hippogriff (D:7)
  Sigmund (D:4)
  A hungry ghost (D:7)
  A water moccasin (D:6)
  An ice beast (D:3)
  A sky beast (D:7)
  2 black bears
  5 orc warriors
  A phantom (D:8)
  3 centaurs
  An ogre (D:5)
  Blork the orc (D:4)
  12 big kobolds
  6 bullfrogs
  A scorpion (D:9)
  5 wights
  An electric eel (D:8)
  A crimson imp (D:5)
  4 orc priests
  2 jellies
  8 hounds
  9 orc wizards
  An iguana (D:4)
  2 worker ants
  A hound zombie (D:3)
  A howler monkey zombie (D:7)
  15 adders
  10 gnolls
  A shadow imp (D:5)
  An ooze (D:6)
  2 adder zombies (D:7)
  2 adder skeletons (D:3)
  6 worms
  2 dart slugs
  5 leopard geckos
  27 orcs
  5 giant cockroaches
  9 hobgoblins
  4 jackals (D:2)
  20 kobolds
  2 quokkas
  2 ball pythons
  6 bats
  6 frilled lizards
  3 goblins
  2 jackal skeletons
  A leopard gecko zombie (D:9)
  A quokka skeleton (D:5)
  6 rats
213 creatures vanquished.

Notes
Turn   | Place    | Note
-------+----------+-------------------------------------------
     0 | D:1      | nht the Demonspawn Berserker began the quest for the Orb.
     0 | D:1      | Reached XP level 1. HP: 18/18 MP: 1/1
   191 | D:1      | Reached skill level 3 in Axes
   613 | D:1      | Gained mutation: You are immune to rotting. [demonic ancestry]
   613 | D:1      | Reached XP level 2. HP: 16/24 MP: 2/2
   929 | D:2      | Reached XP level 3. HP: 11/29 MP: 3/3
  1293 | D:2      | Found a hazy altar of Hepliaklqana.
  1308 | D:2      | Reached skill level 4 in Axes
  1553 | D:2      | Found an opulent altar of Gozag.
  1554 | D:2      | Found a glowing silver altar of Zin.
  1928 | D:2      | Found a deep blue altar of Sif Muna.
  2066 | D:2      | Reached ** piety under Trog
  2299 | D:3      | Found a runed gate.
  2299 | D:3      | Found a runed gate.
  2299 | D:3      | Found a runed gate.
  2299 | D:3      | Noticed kirsanium's ghost (amateur DsFi)
  2306 | D:3      | Reached XP level 4. HP: 32/35 MP: 4/4
  2426 | D:3      | Noticed an ice beast
  2437 | D:3      | Killed an ice beast
  2437 | D:3      | Reached skill level 5 in Axes
  2437 | D:3      | Gained mutation: You sometimes gain a little power by taking damage. [demonic ancestry]
  2437 | D:3      | Reached XP level 5. HP: 23/41 MP: 5/5
  3024 | D:3      | Found a hide-covered altar of Uskayaw.
  3124 | D:3      | Found a shimmering altar of Xom.
  3322 | D:3      | Reached skill level 6 in Axes
  3652 | D:3      | HP: 1/41 [kirsanium's ghost (5)]
  3655 | D:3      | Killed kirsanium's ghost
  3655 | D:3      | Reached skill level 7 in Axes
  3655 | D:3      | Reached XP level 6. HP: 15/47 MP: 6/6
  3973 | D:4      | Gained mutation: Your movements are slightly less encumbered by armour. (ER -2) [demonic ancestry]
  3973 | D:4      | Reached XP level 7. HP: 52/52 MP: 7/7
  4175 | D:4      | Noticed Blork the orc
  4189 | D:4      | Killed Blork the orc
  4197 | D:4      | Got a warped ring mail
  4227 | D:3      | Identified the +2 ring mail of the Kraken {MR++ Int+5 Stlth+} (You found it on level 4 of the Dungeon)
  4334 | D:4      | Found a glowing golden altar of the Shining One.
  4370 | D:4      | Noticed Sigmund
  4388 | D:4      | Killed Sigmund
  4388 | D:4      | Reached skill level 8 in Axes
  4441 | D:4      | Found a staircase to the Ecumenical Temple.
  4623 | D:4      | Found a sacrificial altar of Ru.
  4686 | D:4      | Reached skill level 9 in Axes
  4686 | D:4      | Gained mutation: Your movements are less encumbered by armour. (ER -4) [demonic ancestry]
  4686 | D:4      | Reached XP level 8. HP: 58/58 MP: 8/8
  4843 | D:5      | Entered Level 5 of the Dungeon
  4936 | D:5      | Found a burning altar of Makhleb.
  4936 | D:5      | Noticed a balrug
  4955 | D:5      | Found Cemy's Armour Shoppe.
  5003 | D:5      | Found Gyryeseu's Antique Weapon Shoppe.
  5134 | D:5      | Noticed a moth of wrath
  5137 | D:5      | Found a bloodstained altar of Trog.
  5143 | D:5      | Reached *** piety under Trog
  5173 | D:5      | Got a pitted quarterstaff
  5235 | D:5      | Identified the cursed +2 quarterstaff "Caotergh" {speed, rF+ rN+ Int+4} (You found it on level 5 of the Dungeon)
  5501 | D:5      | Found Muipits's Food Boutique.
  5561 | D:5      | Found Miqil's Gadget Shoppe.
  6453 | D:6      | Found Fofuki Apse's Assorted Antiques.
  6457 | D:6      | Bought a purple potion for 24 gold pieces
  6512 | D:6      | Found a shattered altar of Ashenzari.
  6551 | D:6      | Found a basalt altar of Yredelemnul.
  6852 | D:7      | Reached skill level 10 in Axes
  7109 | D:7      | Gained mutation: You have large cloven feet. [demonic ancestry]
  7109 | D:7      | Reached XP level 9. HP: 66/66 MP: 9/9
  7453 | D:7      | Reached skill level 5 in Fighting
  7485 | D:7      | Reached **** piety under Trog
  7637 | D:7      | Found a shadowy altar of Dithmenos.
  7925 | D:7      | Reached skill level 11 in Axes
  8213 | D:8      | Reached skill level 5 in Armour
  8216 | D:8      | Noticed a kobold demonologist
  8227 | D:8      | Killed a kobold demonologist
  8237 | D:8      | Gained mutation: You sometimes gain power by taking damage. [demonic ancestry]
  8237 | D:8      | Reached XP level 10. HP: 76/76 MP: 10/10
  8732 | D:8      | Reached ***** piety under Trog
 10011 | D:10     | Entered Level 10 of the Dungeon
 10040 | D:10     | HP: 1/115 [hippogriff (7)]
 10040 | D:10     | Slain by a shadow

Skill      XL: |  1  2  3  4  5  6  7  8  9 |
---------------+----------------------------+-----
Axes           | 3 4 5 7 9 10 11 | 11.7
Armour         | 3 5 |  5.8
Fighting       | 4 6 |  6.8
Dodging        | |  1.7

Action                   |  1- 3 |  4- 6 |  7- 9 | 10-12 || total
-------------------------+-------+-------+-------+-------++-------
Melee: Hand axe          |   131 |   105 |    68 |       ||   304
       Quarterstaff      |       |       |   304 |   167 ||   471
       War axe           |       |       |    48 |       ||    48
       Kick              |       |       |    49 |    43 ||    92
Invok: Berserk           |     7 |     3 |    16 |     2 ||    28
  Use: Potion            |     1 |     3 |       |     3 ||     7
       Scroll            |       |     4 |    12 |     1 ||    17
 Stab: Sleeping          |     3 |     1 |     1 |       ||     5
       Paralysed         |       |       |     1 |       ||     1
  Eat: Chunk             |     7 |     5 |    25 |     7 ||    44
       Ration            |     1 |     1 |     1 |       ||     3
Armor: Animal skin       |    22 |    10 |       |       ||    32
       Scale mail        |       |    12 |     3 |       ||    15
       Ring mail         |       |       |   126 |    55 ||   181
       Skin              |       |       |       |    78 ||    78
Dodge: Dodged            |    87 |    71 |   212 |   124 ||   494
